 Dungeon Crawl Stone Soup version 0.23.2 (webtiles) character file.

Game seed: 6755682223931024759

72 Lokkij the Slasher (level 4, -1/28 HPs)
             Began as a Tengu Monk on Apr 9, 2019.
             Slain by Crazy Yiuf
             ... wielding a +3 quarterstaff of chaos
              (3 damage)
             ... while petrified by Crazy Yiuf
             ... on level 2 of the Dungeon.
             The game lasted 00:03:13 (1545 turns).

Lokkij the Slasher (Tengu Monk)                     Turns: 1545, Time: 00:03:14

Health: -1/28      AC:  7    Str: 11    XL:     4   Next: 26%
Magic:  5/5        EV:  2    Int: 10    God:
Gold:   57         SH:  0    Dex: 18    Spells: 3/3 levels left

rFire    . . .     SeeInvis .   a - +0 falchion
rCold    . . .     Gourm    .   (no shield)
rNeg     + + +     Faith    .   e - +0 ring mail {rN+}
rPois    ∞         Spirit   .   (helmet restricted)
rElec    .         Reflect  .   f - +1 cloak
rCorr    .         Harm     .   (no gloves)
MR       .....                  (boots unavailable)
Stlth    ++........             (no amulet)
HPRegen  0.09/turn              (no ring)
MPRegen  0.09/turn              (no ring)

@: petrified
A: beak, talons 3
a: no special abilities


You were on level 2 of the Dungeon.
You were not hungry.

You visited 1 branch of the dungeon, and saw 2 of its levels.

You collected 57 gold pieces.

Inventory:

Hand Weapons
 a - a +0 falchion (weapon)
Armour
 b - a +0 robe
 e - a +0 ring mail of positive energy (worn)
 f - a +1 cloak (worn)
Scrolls
 d - a scroll of fog {unknown}
 h - 3 scrolls of teleportation {unknown}
 l - 2 scrolls of amnesia {unknown}
Potions
 g - 2 potions of mutation {unknown}
 i - 2 potions of haste {unknown}
 j - a potion of degeneration {unknown}
 m - a potion of curing {unknown}
Comestibles
 c - 6 rations
 k - 2 chunks of flesh


   Skills:
 - Level 3.0 Fighting
 + Level 5.5 Long Blades
 - Level 3.2 Dodging
 - Level 2.0 Stealth


You had 3 spell levels left.
You didn't know any spells.
Your spell library was empty.

Dungeon Overview and Level Annotations

Branches:
Dungeon (2/15)

Altars:
Ashenzari
Qazlal
Xom

Annotations:
D:2 Crazy Yiuf


Innate Abilities, Weirdness & Mutations

You have a beak for a mouth.
You have claws for feet.


Message History

Crazy Yiuf is severely wounded.
Crazy Yiuf hits you but does no damage.
Your limbs are stiffening.
You hit Crazy Yiuf. Your kick misses Crazy Yiuf.
Crazy Yiuf is almost dead.
Crazy Yiuf hits you with a +3 quarterstaff of chaos.
Crazy Yiuf burns you. Crazy Yiuf barely misses you.
You have turned to stone.
Crazy Yiuf hits you with a +3 quarterstaff of chaos.
Crazy Yiuf freezes you.
Crazy Yiuf laughs, "Ghoul!"
Crazy Yiuf hits you with a +3 quarterstaff of chaos!
* * * LOW HITPOINT WARNING * * *
Space bends around you.
* * * LOW HITPOINT WARNING * * *
Crazy Yiuf laughs, "Cholesterol sizzlefizz eyeball!"
Crazy Yiuf hits you with a +3 quarterstaff of chaos.
* * * LOW HITPOINT WARNING * * *
Crazy Yiuf burns you.
* * * LOW HITPOINT WARNING * * *
Crazy Yiuf hits you with a +3 quarterstaff of chaos.
You die...

######## ###
###.#..#.##
#...##..#.PP...##
#...g@####.P....#
#)..### ##P#...#
### ####..####
#.....##
#..##..##
##########
#######...#
#........# #.#
##... ######..##
#.## #(..
#####.## #..###
####


You could see Crazy Yiuf.

Vanquished Creatures
  An adder (D:2)
  3 oozes (D:1)
  2 worms
  A dart slug (D:1)
  A leopard gecko (D:2)
  A ball python (D:1)
  7 giant cockroaches
  5 goblins
  5 hobgoblins
  A quokka (D:2)
  A bat (D:1)
  4 frilled lizards
  2 kobolds (D:1)
  A quokka zombie (D:2)
  5 rats
40 creatures vanquished.

Notes
Turn   | Place    | Note
-------+----------+-------------------------------------------
     0 | D:1      | Lokkij the Tengu Monk began the quest for the Orb.
     0 | D:1      | Reached XP level 1. HP: 14/14 MP: 2/2
     1 | D:1      | Found a runed translucent door.
   222 | D:1      | Reached XP level 2. HP: 19/19 MP: 3/3
   309 | D:1      | Reached skill level 4 in Long Blades
   740 | D:1      | Reached XP level 3. HP: 21/23 MP: 4/4
  1004 | D:2      | Found a shimmering altar of Xom.
  1010 | D:2      | Reached skill level 5 in Long Blades
  1090 | D:2      | Found a runed translucent door.
  1091 | D:2      | Noticed Crazy Yiuf
  1123 | D:2      | Noticed an air elemental
  1127 | D:2      | Found a stormy altar of Qazlal.
  1129 | D:2      | Noticed a water elemental
  1130 | D:2      | Noticed a fire elemental
  1130 | D:2      | Noticed an earth elemental
  1283 | D:2      | Reached XP level 4. HP: 28/28 MP: 5/5
  1453 | D:2      | Found a shattered altar of Ashenzari.
  1545 | D:2      | Slain by Crazy Yiuf

Skill      XL: |  1  2  3 |
---------------+----------+-----
Long Blades    | 4 5 |  5.5
Fighting       | |  3.0
Dodging        | |  3.2
Stealth        | |  2.0

Action                   |  1- 3 |  4- 6 || total
-------------------------+-------+-------++-------
Melee: Falchion          |    80 |    18 ||    98
       Kick              |    26 |    10 ||    36
       Peck              |    13 |     4 ||    17
 Stab: Sleeping          |     5 |     1 ||     6
  Eat: Chunk             |     1 |     1 ||     2
Armor: Ring mail         |    19 |     5 ||    24
       Robe              |     1 |       ||     1
Dodge: Dodged            |    31 |    12 ||    43
       Rpst.: Falchion   |     9 |     7 ||    16
